 Dungeon Crawl Stone Soup version 0.31-a0-750-gfe7b580527 (webtiles) character file.

Game seed: 11464911337109897027

131 heikuro the Shield-Bearer (level 5, 0/42 HPs)
             Began as a Formicid Fighter on Sept 15, 2023.
             Slain by an adder (3 damage)
             ... on level 2 of the Dungeon.
             The game lasted 00:03:37 (1132 turns).

heikuro the Shield-Bearer (Formicid Fighter)        Turns: 1132, Time: 00:03:38

Health: 0/42       AC:  7    Str: 22    XL:     5   Next: 37%
Magic:  5/5        EV:  9    Int:  8    God:
Gold:   80         SH:  5    Dex: 13    Spells: 4/4 levels left

rFire   . . .        j - +2 dagger (venom)
rCold   . . .        c - +0 buckler
rNeg    . . .        b - +0 scale mail
rPois   .            (helmet unavailable)
rElec   .            (no cloak)
rCorr   .            (no gloves)
SInv    +            (no boots)
Will    .....        (no amulet) Stlth
                     (no ring)
HPRegen 0.27/turn    (no ring)
MPRegen 0.09/turn

%: no passive effects
@: no status effects
A: permanent stasis, dig shafts and tunnels, antennae 3, four strong arms
a: Dig, Shaft Self


You were on level 2 of the Dungeon.
You visited 1 branch of the dungeon, and saw 2 of its levels.

You collected 80 gold pieces.

Inventory:

Hand Weapons
 a - a +0 war axe
 j - a +2 dagger of venom (weapon)
Missiles
 f - 2 poisoned darts
 k - a throwing net
Armour
 b - a +0 scale mail (worn)
 c - a +0 buckler (worn)
Scrolls
 e - a scroll of poison {unknown}
 g - a scroll of enchant armour {unknown}
Potions
 d - a potion of might
 h - a potion of curing {unknown}
 i - a potion of heal wounds {unknown}


   Skills:
 + Level 4.0 Fighting
 * Level 3.5 Axes
 + Level 4.1 Armour
 + Level 4.9 Shields


You had 4 spell levels left.
You didn't know any spells.
Your spell library contained the following spells:

 Spells                   Type           Power      Damage    Failure   Level
 Necrotise                Necr           0%         1d4       80%         1
 Vampiric Draining        Necr           0%         2d6       99%         3
 Summon Ice Beast         Ice/Summ       0%         N/A       100%        4
 Agony                    Necr           0%         N/A       100%        5
 Summon Mana Viper        Hex/Summ       0%         N/A       100%        5
 Monstrous Menagerie      Summ           0%         N/A       100%        7


Dungeon Overview and Level Annotations

Branches:
Dungeon (2/15)

Altars:
Elyvilon


Innate Abilities, Weirdness & Mutations

You cannot be hasted, slowed, berserked, paralysed or teleported.
You can dig through walls and to a lower floor.
You have a pair of large antennae on your head. (SInv)
Your four strong arms can wield two-handed weapons with a shield.


Message History

The quokka barely misses you.
The giant cockroach bites you but does no damage.
Unknown command.
You hit the adder.
The adder is poisoned.
The adder is moderately wounded.
You feel sick.
You are no longer poisoned.
The adder bites you but does no damage. The quokka bites you.
* * * LOW HITPOINT WARNING * * *
The giant cockroach closely misses you. You block the adder's attack.
You hit the giant cockroach but do no damage.
The quokka bites you but does no damage.
You block the giant cockroach's attack. The adder bites you but does no damage.
You barely miss the quokka.
The quokka bites you but does no damage.
The giant cockroach bites you but does no damage.
The adder closely misses you. The quokka bites you.
* * * LOW HITPOINT WARNING * * *
Unknown command.
You completely miss the quokka.
The giant cockroach bites you but does no damage.
The adder barely misses you. You block the quokka's attack.
The adder barely misses you. The giant cockroach barely misses you.
Unknown command.
You hit the quokka.
The quokka is moderately wounded.
The adder bites you but does no damage. The giant cockroach closely misses you.
You block the quokka's attack.
Unknown command.
You closely miss the quokka.
The quokka is moderately wounded.
The adder bites you.
* * * LOW HITPOINT WARNING * * *
The giant cockroach bites you but does no damage.
The quokka bites you but does no damage.
Unknown command.
You closely miss the quokka.
The quokka is moderately wounded.
The adder bites you.
You die...

#. ###..# #### #.
.....## ♣§P♣ .# {... #.
...#.♣♣♣P§ .# .P(
#.#####.P.♣♣.P♣ ♣.♣♣P.♣♣
#.)>.#....♣.P.♣♣PP..P.P.
###.##..♣♣..P.P...#...#.
#....♣♣♣♣..♣.......... #
#..♣.♣♣...♣..r#S.._... #
#......P..♣...@†...... #
#...♣.♣..♣..♣..B#...#. #
#...♣P..♣♣.....$♣ ... #
#.♣♣....♣....♣.♣.. ♣ #
#.♣♣♣...♣...♣♣PP..♣
###.##♣.♣♣♣...♣♣♣♣.♣♣
..†.....♣♣P.♣.♣ ,.♣
....#.......♣♣ P
...)........♣


You could see an adder (poisoned), a quokka and a giant cockroach.

Vanquished Creatures
  A scorpion (D:2)
  3 gnolls (D:2)
  A worm (D:2)
  4 endoplasms
  3 giant cockroaches
  4 goblins
  5 hobgoblins
  4 kobolds
  4 quokkas (D:2)
  A ball python (D:2)
  2 bats
  7 rats
39 creatures vanquished.

Notes
Turn   | Place    | Note
-------+----------+-------------------------------------------
     0 | D:1      | heikuro the Formicid Fighter began the quest for the Orb.
     0 | D:1      | Reached XP level 1. HP: 18/18 MP: 1/1
   159 | D:1      | Reached XP level 2. HP: 16/24 MP: 2/2
   427 | D:1      | Reached XP level 3. HP: 29/29 MP: 3/3
   809 | D:2      | HP: 1/30 [gnoll/+0 whip (6)]
   814 | D:2      | Reached XP level 4. HP: 3/37 MP: 4/4
  1095 | D:2      | Noticed a scorpion
  1103 | D:2      | Killed a scorpion
  1104 | D:2      | Reached XP level 5. HP: 27/42 MP: 5/5
  1107 | D:2      | Found a white marble altar of Elyvilon.
  1132 | D:2      | Slain by an adder

Illustrated notes

Levels and vault maps discovered:
D:1:      lightli_arrival_noodles, layout_basic
D:2:      wad_woods_stonehenge, layout_basic, chequers_garden, uniq_jessica

Skill      XL: |  1  2  3  4 |
---------------+-------------+-----
Axes           | 3 |  3.5
Fighting       | 4 |  4.0
Armour         | 4 |  4.1
Shields        | |  4.9

Action                     |  1- 3 |  4- 6 || total
---------------------------+-------+-------++-------
  Melee: War axe           |    35 |       ||    35
         Dagger            |    29 |    47 ||    76
    Use: Scroll            |     1 |       ||     1
 Armour: Scale mail        |    33 |    52 ||    85
  Dodge: Dodged            |    24 |    33 ||    57
  Block: Buckler           |    16 |    21 ||    37

Table legend: (Time is in decaauts)
 A = Elapsed time spent in this place.
 B = Non-inter-level travel time spent in this place.
 C = Inter-level travel time spent in this place.
 D = Time resting spent in this place.
 E = Time spent auto-exploring this place.
 F = Levels seen in this place.
 G = Mean time per level.
                   A        B        C        D        E       F      G
               +--------+--------+--------+--------+--------+-----+--------+
         Total |   1148 |   1140 |      8 |    131 |    604 |   2 |  574.0 |
       Dungeon |   1148 |   1140 |      8 |    131 |    604 |   2 |  574.0 |
               +--------+--------+--------+--------+--------+-----+--------+

Top non-repeatable levels by time:
     D:1: 707 daAuts
     D:2: 440 daAuts
